 Dungeon Crawl Stone Soup version 0.17.1-2-g5865329 (webtiles) character file.

142 ololoev the Chopper (level 5, 31/61 HPs)
             Began as a Demonspawn Berserker on Jan 20, 2016.
             Was a Follower of Trog.
             Quit the game on level 4 of the Dungeon.
             The game lasted 00:04:01 (445 turns).

ololoev the Chopper (Demonspawn Berserker)           Turns: 445, Time: 00:04:01

Health: 31/61      AC:  6    Str: 23    XL:     5   Next: 3%
Magic:  1/5        EV: 12    Int:  8    God:    Trog [*.....]
Gold:   17         SH:  0    Dex: 13    Spells: 0 memorised, 4 levels left

rFire  . . .     SeeInvis .     a - +0 hand axe
rCold  . . .     Clarity  .     h - troll hide {Purgy}
rNeg   . . .     SustAt   .     (no shield)
rPois  .         Gourm    .     (no helmet)
rElec  .         Spirit   +     (no cloak)
rCorr  .         Warding  .     (no gloves)
rMut   .         Stasis   .     (no boots)
MR     .....                    (no amulet)
Stlth  ..........               (no ring)
                                (no ring)

@: berserking (expiring), very quick, not resistant to hostile enchantments,
extremely unstealthy
A: hooves 1, iridescent scales 1, demonic guardian 1, magic shield
a: Berserk, Burn Spellbooks, Renounce Religion


Innate Abilities, Weirdness & Mutations

You have large cloven feet.
You are partially covered in iridescent scales (AC +4).
A weak demonic guardian rushes to your aid.
When hurt, damage is shared between your health and your magic reserves.

Inventory:

Hand Weapons
 a - a +0 hand axe (weapon)
Armour
 h - a troll hide (worn) {Purgy}
Potions
 b - a potion of magic {unknown}
Comestibles
 c - 2 bread rations
 d - a beef jerky
 f - a meat ration
 g - 2 chunks of flesh


   Skills:
 - Level 3.0 Fighting
 * Level 4.5 Axes
 + Level 3.1 Armour
 - Level 1.7 Dodging


You had 4 spell levels left.
You didn't know any spells.


You were on level 4 of the Dungeon.
You worshipped Trog.
Trog was aware of your devotion.
You were not hungry.

You visited 2 branches of the dungeon, and saw 5 of its levels.

You collected 17 gold pieces.

... #.# # #.#
#.##.###.# #........#
# #.# #. #.# #.#
####.#########.#####
##..@.......##.......
#..))...###.#.....##)
#.8.8.8.## #..#....
#..⌠.⌠...##.###...##.
#.8.>.8..........###.
#.(⌠.⌠..###.###.####.
#.8.8.8.###.# #......
#........... #.#####
#.##.####### #.#

Notes
Turn   | Place    | Note
--------------------------------------------------------------
     0 | D:1      | ololoev the Demonspawn Berserker began the quest for the Orb.
     0 | D:1      | Reached XP level 1. HP: 18/18 MP: 1/1
   157 | D:4      | Noticed Purgy
   171 | D:4      | Killed Purgy
   171 | D:4      | Reached skill level 4 in Axes
   171 | D:4      | Gained mutation: You are partially covered in iridescent scales (AC +4). [demonic ancestry]
   171 | D:4      | Reached XP level 2. HP: 5/24 MP: 2/2
   171 | D:4      | Gained mutation: When hurt, damage is shared between your health and your magic reserves. [demonic ancestry]
   171 | D:4      | Reached XP level 3. HP: 5/29 MP: 3/3
   171 | D:4      | Gained mutation: You have large cloven feet. [demonic ancestry]
   171 | D:4      | Reached XP level 4. HP: 6/35 MP: 4/4
   218 | D:4      | Noticed ololoev's ghost (amateur DsBe)
   349 | D:4      | Found a staircase to the Ecumenical Temple.
   375 | Temple   | Entered the Ecumenical Temple
   427 | D:4      | Noticed an orc priest
   442 | D:4      | Killed an orc priest
   442 | D:4      | Gained mutation: A weak demonic guardian rushes to your aid. [demonic ancestry]
   442 | D:4      | Reached XP level 5. HP: 30/41 MP: 1/5
   445 | D:4      | Quit the game

Dungeon Overview and Level Annotations

Branches:
Dungeon (4/15)             Temple (1/1) D:4

Altars:
Cheibriados
Dithmenos
Elyvilon
Nemelex Xobeh
Okawaru
Ru
Sif Muna
Trog
Vehumet
Yredelemnul
Zin

Annotations:
D:4 ololoev's ghost, amateur DsBe


Message History

Trog accepts your kill.
You hit the orc.
The orc is severely wounded.
You barely miss the orc. The orc hits you but does no damage.
The orc closely misses you.
Use which ability? (? or * to list)
A red film seems to cover your vision as you go berserk!
You feel yourself moving faster!
You feel mighty!
You feel somewhat more hungry. The orc hits you but does no damage.
The orc priest calls down the wrath of Beogh upon you.
Something smites you! The orc hits you.
Unknown command.
You barely miss the orc. You kick the orc.
You kill the orc!
Trog accepts your kill.
You closely miss the orc. The orc hits you with a short sword.
Unknown command.
You slash the orc priest!
The orc priest is severely wounded.
You hit the orc.
The orc is lightly wounded.
The orc priest mumbles some strange prayers to Beogh against you.
Something smites you! The orc hits you with a short sword.
Unknown command.
You are too injured to fight recklessly!
You slash the orc priest!
You kill the orc priest!
Trog accepts your kill.
Your Armour skill increases to level 3!
You have reached level 5!
Your demonic ancestry asserts itself...
You feel the presence of a demonic guardian.
You closely miss the orc.
The orc is lightly wounded.
You slash the orc!
You kill the orc!
Trog accepts your kill.
Things that are here:
a hand axe; a ring mail; an orc corpse Are you sure you want to abandon this character and quit the game? (Confirm with "yes".)

There were no monsters in sight!

Vanquished Creatures
  Purgy (D:4)
  An orc priest (D:4)
  An adder skeleton (D:4)
  A worm (D:3)
  3 orcs (D:4)
  A bat (D:3)
  A hobgoblin (D:1)
  A giant newt (D:2)
  A rat (D:3)
11 creatures vanquished.

Action                   |  1- 3 |  4- 6 || total
-------------------------+-------+-------++-------
Melee: Hand axe          |    12 |    31 ||    43
Invok: Berserk           |     1 |     1 ||     2
  Use: Scroll            |       |     2 ||     2

Vault maps used:
D:1:      mrwooster_arrival_statue, serial_curves, eino_curves_01,
          eino_curves_02
D:2:      grunt_gozag_statues, first_bread, ecumenical_altar_1, uniq_sigmund
D:3:      st_stairs_3, uniq_natasha
D:4:      minitemple, minmay_temple_entry_statues_fountains, uniq_purgy
Temple:   triangle_lava_temple_11
